 Dungeon Crawl Stone Soup version 0.31-a0-1074-g0b22e4e0f1 (webtiles) character file.

Game seed: 16920417924204805169

4400 Rennog the Grappler (level 10, -6/77 HPs)
             Began as a Demonspawn Shapeshifter on Dec 6, 2023.
             Was a Believer of Okawaru.
             Engulfed by a cloud of poison gas (8 damage)
             ... on level 9 of the Dungeon.
             The game lasted 00:18:45 (9401 turns).

Rennog the Grappler (Demonspawn Shapeshifter)       Turns: 9401, Time: 00:18:45

Health: -6/77      AC: 13    Str: 19    XL:     10   Next: 13%
Magic:  0/10       EV: 18    Int: 11    God:    Okawaru [**....]
Gold:   375        SH:  4    Dex: 13    Spells: 9/9 levels left

rFire   . .          .
                       - Unarmed
rCold   . . .        (shield currently unavailable)
rNeg    . . .        C - +0 chain mail
rPois   .            (helmet restricted)
rElec   .            (no cloak)
rCorr   .            (no gloves)
SInv    .            l - +1 pair of boots
Will    .....        B - amulet of guardian spirit Stlth
                     p - +5 ring of evasion
HPRegen 0.32/turn    J - +5 ring of evasion
MPRegen 0.12/turn

%: guardian spirit
@: lethally poisoned (-6 -> -21), flux-form, glowing
A: glow, contaminating, horns 1, molten scales 2, condensation shield
a: Begin Untransformation, Renounce Religion, Heroism


You were on level 9 of the Dungeon.
You worshipped Okawaru.
Okawaru was pleased with you.
You were something dangerously unstable.
You visited 2 branches of the dungeon, and saw 10 of its levels.

You collected 375 gold pieces.

Inventory:

Missiles
 F - 2 throwing nets
Armour
 a - a +0 animal skin
 b - a +0 scale mail
 l - a +1 pair of boots (worn)
 C - a +0 chain mail (worn)
Jewellery
 p - a +5 ring of evasion (left hand)
 s - a ring of poison resistance
 x - a ring of fire
 B - an amulet of guardian spirit (around neck)
 D - a ring of resist corrosion
 J - a +5 ring of evasion (right hand)
Talismans
 c - a beast talisman
 d - a flux talisman (active)
 m - a blade talisman
Wands
 G - a wand of flame (18)
Scrolls
 h - a scroll of fear {unknown}
 i - 3 scrolls of poison
 j - 2 scrolls of fog {unknown}
 o - a scroll of blinking
 q - 2 scrolls of silence {unknown}
 r - 2 scrolls of enchant armour
 v - a scroll of immolation
 w - 2 scrolls of identify
 y - 2 scrolls of vulnerability {unknown}
 E - 3 scrolls of revelation
 H - a scroll of enchant weapon {unknown}
 I - 2 scrolls of noise {unknown}
Potions
 f - 2 potions of degeneration {unknown}
 g - 2 potions of attraction {unknown}
 k - 2 potions of invisibility {unknown}
 n - a potion of brilliance {unknown}
 t - a potion of mutation {unknown}
 u - a potion of might {unknown}
 A - 2 potions of heal wounds {unknown}


   Skills:
 + Level 6.5 Fighting
 + Level 1.9 Dodging
 * Level 9.1 Unarmed Combat
 * Level 8.3 Shapeshifting


You had 9 spell levels left.
You didn't know any spells.
Your spell library contained the following spells:

 Spells                   Type           Power      Damage    Failure   Level
 Freeze                   Ice            0%         1d3       98%         1
 Blink                    Tloc           0%         N/A       99%         2
 Frozen Ramparts          Ice            0%         1d1       100%        3
 Hailstorm                Conj/Ice       0%         3d3       100%        3
 Manifold Assault         Tloc           0%         N/A       100%        4


Dungeon Overview and Level Annotations

Branches:
Dungeon (9/15)             Temple (1/1) D:7
   Lair: D:8-11         Orc: D:9-12

Altars:
Ashenzari
Cheibriados
Dithmenos
Fedhas
Gozag
Hepliaklqana
Kikubaaqudgha
Nemelex Xobeh
Okawaru
Qazlal
Sif Muna
Trog
Uskayaw
Wu Jian
Xom
Yredelemnul

Shops:
D:5 [

Annotations:
D:4 Sigmund


Innate Abilities, Weirdness & Mutations

You are something dangerously unstable.
You glow with magical radiation, making you easy to see and hit.
Foes you strike become dangerously contaminated with magical radiation.
You are incapable of wielding weapons or throwing items.
You have a pair of small horns on your head.
You are mostly covered in molten scales. (AC +3)
A meltable shield of frost defends you. (SH +4)


Message History

You headbutt the killer bee, but do no damage.
The killer bee is severely wounded.
You block the killer bee's attack. The killer bee barely misses you.
The orc warrior hits you from afar with a +0 glaive!
* * * LOW HITPOINT WARNING * * *
You feel better. The killer bee completely misses you.
The killer bee barely misses you.
The orc warrior hits you from afar with a +0 glaive!
* * * LOW HITPOINT WARNING * * *
You feel better. The killer bee closely misses you.
The orc wizard casts a spell.
The orc wizard flickers and vanishes!
Deactivating autopickup; reactivate with Ctrl-A.
The killer bee misses you. The orc warrior closely misses you.
You hit the killer bee.
You kill the killer bee!
Okawaru accepts your kill.
Okay, then.
As you read the scroll labelled LANLEM IFRUSE, it crumbles to dust.
It is a scroll of enchant armour.
Your +0 pair of boots glows green for a moment.
The orc warrior hits you from afar with a +0 glaive!
* * * LOW HITPOINT WARNING * * *
The kobold brigand completely misses you.
As you read the scroll labelled QYIHEETTEH, it crumbles to dust.
It is a scroll of identify.
E - 3 scrolls of revelation The orc warrior closely misses you.
The kobold brigand hits you but does no damage.
As you read the scroll labelled MAODIMNERIL, it crumbles to dust.
The creatures around you are filled with an inner flame!
It was a scroll of immolation.
The orc warrior misses you.
The kobold brigand hits you with a +0 dagger.
* * * LOW HITPOINT WARNING * * *
Blink to where?
Press: ? - help, Dir - move target
As you read the scroll labelled QOEHOXK TY HIH, it crumbles to dust.
It was a scroll of blinking.
You are engulfed in poison gas.
You are lethally poisoned!
You die...

#########################
#...................§§§..
#..........#.......§☼☼..#
#..####....#☼.###..§#§○.#
#..# #.§☼§#°§###.o.○KK..
#..####.p§°○☼°§§Ko######'
#.......########### #...
#.......# #... #.......#
##.. #.......# #..
#..##...# ### #.......#
#.......# #.......#


There were no monsters in sight!

Vanquished Creatures
  A polar bear (D:8)
  A troll (D:7)
  A slime creature (D:7)
  A wraith (D:9)
  4 yaks (D:8)
  A water moccasin (D:4)
  An orc warrior (D:7)
  2 black bears
  A wolf (D:8)
  An ogre (D:5)
  2 centaurs
  2 phantoms (D:6)
  3 kobold brigands
  4 bullfrogs
  3 scorpions
  8 wights
  4 killer bees (D:9)
  4 hounds
  A gnoll bouda (D:3)
  5 orc priests
  A sleepcap (D:4)
  3 iguanas
  9 orc wizards
  A centaur simulacrum (D:8)
  Robin (D:4)
  14 gnolls
  5 adders
  A shadow imp (D:3)
  2 white imps
  8 ufetubi
  A worm (D:4)
  20 orcs
  5 bats
  8 endoplasms
  2 giant cockroaches (D:4)
  23 goblins
  9 hobgoblins
  3 jackals
  3 quokkas
  7 ball pythons
  7 frilled lizards
  19 kobolds
  6 rats
208 creatures vanquished.

Vanquished Creatures (others)
  An orc wizard (D:7)
1 creature vanquished.

Grand Total: 209 creatures vanquished

Notes
Turn   | Place    | Note
-------+----------+-------------------------------------------
     0 | D:1      | Rennog the Demonspawn Shapeshifter began the quest for the
                  | Orb.
     0 | D:1      | Reached XP level 1. HP: 15/15 MP: 1/1
   345 | D:1      | Gained mutation: You have a pair of small horns on your
                  | head. [demonic ancestry]
   345 | D:1      | Reached XP level 2. HP: 21/21 MP: 2/2
   441 | D:1      | Reached skill level 3 in Unarmed Combat
  1203 | D:2      | Reached XP level 3. HP: 18/26 MP: 3/3
  1281 | D:2      | Found a basalt altar of Yredelemnul.
  1631 | D:3      | HP: 1/27 [shadow imp/nerve-wracking pain (11)]
  1798 | D:3      | Found a stormy altar of Qazlal.
  1826 | D:3      | Reached XP level 4. HP: 15/33 MP: 4/4
  2002 | D:3      | Noticed a bullfrog
  2024 | D:2      | Killed a bullfrog
  2188 | D:3      | Reached XP level 5. HP: 38/38 MP: 5/5
  2262 | D:3      | Reached skill level 4 in Unarmed Combat
  2601 | D:4      | Noticed Robin
  2668 | D:4      | Found a blossoming altar of Fedhas.
  2872 | D:4      | Noticed Sigmund
  3123 | D:4      | Identified the +1 leather armour of the Hurricane {rElec
                  | Dex+3 Slay+2}
  3150 | D:4      | Killed Robin
  3170 | D:4      | Reached XP level 6. HP: 41/46 MP: 6/6
  3286 | D:4      | Noticed a water moccasin
  3298 | D:4      | Killed a water moccasin
  4110 | D:5      | Entered Level 5 of the Dungeon
  4171 | D:5      | Reached skill level 5 in Unarmed Combat
  4220 | D:5      | Gained mutation: You are partially covered in molten
                  | scales. (AC +2) [demonic ancestry]
  4220 | D:5      | Reached XP level 7. HP: 9/52 MP: 7/7
  4387 | D:5      | Found an ornate altar of the Wu Jian Council.
  4465 | D:5      | Reached skill level 5 in Shapeshifting
  5028 | D:5      | Found Ateawoic's Armour Emporium.
  5430 | D:6      | Reached skill level 6 in Unarmed Combat
  5437 | D:6      | Gained mutation: You are mostly covered in molten scales.
                  | (AC +3) [demonic ancestry]
  5437 | D:6      | Reached XP level 8. HP: 15/60 MP: 3/8
  7192 | D:7      | Reached skill level 7 in Unarmed Combat
  7249 | D:7      | Reached skill level 5 in Fighting
  7383 | D:7      | Noticed a slime creature
  7383 | D:7      | Noticed a troll
  7605 | D:7      | Found a hide-covered altar of Uskayaw.
  7612 | D:7      | Found a sparkling altar of Nemelex Xobeh.
  7615 | D:7      | Found a shadowy altar of Dithmenos.
  7622 | D:7      | Found a basalt altar of Yredelemnul.
  7724 | D:7      | Killed a slime creature
  7725 | D:7      | Reached XP level 9. HP: 60/68 MP: 7/9
  7989 | D:7      | Found a staircase to the Ecumenical Temple.
  7998 | Temple   | Entered the Ecumenical Temple
  8040 | Temple   | Became a worshipper of Warmaster Okawaru
  8130 | D:7      | Killed a troll
  8275 | D:8      | Reached skill level 8 in Unarmed Combat
  8286 | D:8      | Reached * piety under Okawaru
  8663 | D:8      | Noticed a polar bear
  8672 | D:8      | Killed a polar bear
  8672 | D:8      | Reached ** piety under Okawaru
  8699 | D:8      | Identified the +1 ring mail of Hopscotch {Str+4}
  8928 | D:9      | Gained mutation: A meltable shield of frost defends you.
                  | (SH +4) [demonic ancestry]
  8928 | D:9      | Reached XP level 10. HP: 63/77 MP: 7/10
  9059 | D:9      | Reached skill level 9 in Unarmed Combat
  9395 | D:9      | HP: 2/77 [orc warrior/+0 glaive (15)]
  9400 | D:9      | HP: 2/77 [kobold brigand/+0 dagger (3)]
  9401 | D:9      | Engulfed by a cloud of poison gas

Illustrated notes

Levels and vault maps discovered:
D:1:      kilobyte_arrival_exit_the_forest, layout_loops_corners
D:2:      layout_rooms, basic_altar
D:3:      layout_rooms, grunt_qazlal_sundering
D:4:      layout_basic, lemuel_coloured_pillars_altar,
          nicolae_concentric_dashed_squares_mild, nicolae_figureground_sparkle,
          uniq_sigmund, uniq_robin
D:5:      layout_basic, overflow_temple_1_default, serial_shops,
          nicolae_shop_real_fake_doors, minmay_ogre_servants
D:6:      layout_loops_corners, fountainhead, lexackson_kobold_supper
D:7:      kennysheep_big_flooded_room, layout_basic,
          grunt_temple_overflow_lords_of_destruction,
          nicolae_overflow_hallway_of_the_gods,
          minmay_temple_entry_antechambers, serial_shops, shop,
          patterned_corridor
D:8:      nzn_winding_woodlands_small [nzn_winding_woodlands_5x15_default,
          nzn_winding_woodlands_center_lodge,
          nzn_winding_woodlands_5x15_sidewinder], layout_rooms, serial_ice,
          serial_ice_g, serial_ice_j, serial_ice_f, serial_ice_h
D:9:      layout_stronghold, minmay_circle_x
Temple:   nicolae_temple_two_arcs

Skill      XL: |  1  2  3  4  5  6  7  8  9 10 |
---------------+-------------------------------+-----
Unarmed Combat | 3 4 5 6 7 8 9 |  9.1
Shapeshifting  | 3 4 5 6 8 |  8.3
Fighting       | 2 3 4 5 6 |  6.5
Dodging        | |  1.9

Action                     |  1- 3 |  4- 6 |  7- 9 | 10-12 || total
---------------------------+-------+-------+-------+-------++-------
  Melee: Unarmed           |    96 |   152 |   460 |    75 ||   783
         Headbutt          |    11 |    26 |   106 |    20 ||   163
         Punch             |     2 |     5 |    15 |       ||    22
 Invoke: Heroism           |       |       |     1 |       ||     1
  Evoke: Wand              |       |       |     1 |       ||     1
    Use: Potion            |       |     1 |     1 |     4 ||     6
         Scroll            |       |       |       |     5 ||     5
   Stab: Sleeping          |     1 |       |       |       ||     1
 Armour: Animal skin       |    54 |     6 |       |       ||    60
         Skin              |       |     9 |    24 |       ||    33
         Scale mail        |       |    75 |    41 |       ||   116
         Chain mail        |       |       |   264 |    58 ||   322
  Dodge: Dodged            |    71 |    72 |   348 |    95 ||   586
  Block: Other             |       |       |       |    17 ||    17
   Form: Beast             |     1 |       |       |       ||     1
                           |       |     1 |       |       ||     1
         Flux              |       |       |     1 |       ||     1

Table legend: (Time is in decaauts)
 A = Elapsed time spent in this place.
 B = Non-inter-level travel time spent in this place.
 C = Inter-level travel time spent in this place.
 D = Time resting spent in this place.
 E = Time spent auto-exploring this place.
 F = Levels seen in this place.
 G = Mean time per level.
                   A        B        C        D        E       F      G
               +--------+--------+--------+--------+--------+-----+--------+
         Total |   9340 |   8360 |    980 |    803 |   5714 |  10 |  934.0 |
       Dungeon |   9287 |   8357 |    930 |    803 |   5714 |   9 | 1031.9 |
        Temple |     52 |      2 |     50 |      0 |      0 |   1 |   52.0 |
               +--------+--------+--------+--------+--------+-----+--------+

Top non-repeatable levels by time:
     D:4: 1700 daAuts
     D:6: 1533 daAuts
     D:5: 1180 daAuts
     D:7: 1162 daAuts
     D:1: 1044 daAuts
     D:2: 907 daAuts
     D:3: 766 daAuts
     D:9: 536 daAuts
     D:8: 455 daAuts
  Temple: 52 daAuts
